 Dungeon Crawl Stone Soup version 0.26-a0-682-g294304f6e8 (webtiles) character file.

Game seed: 12504133505828095618

54 Descartes the Covert (level 3, -1/17 HPs)
             Began as a Felid Delver on Oct 20, 2020.
             Slain by a river rat (3 damage)
             ... on level 4 of the Dungeon.
             The game lasted 00:03:40 (572 turns).

Descartes the Covert (Felid Delver)                  Turns: 572, Time: 00:03:41

Health: -1/17      AC:  1    Str:  9    XL:     3   Next: 66%
Magic:  4/4        EV: 18    Int: 11    God:
Gold:   7          SH:  0    Dex: 17    Spells: 2/2 levels left
                                        Lives:  0   Deaths: 1

rFire    . . .     SeeInvis +     - Unarmed
rCold    . . .     Faith    .   (shield unavailable)
rNeg     . . .     Spirit   .   (armour unavailable)
rPois    .         Reflect  .   (helmet unavailable)
rElec    .         Harm     .   (cloak unavailable)
rCorr    .         Rampage  .   (gloves unavailable)
MR       .....                  (boots unavailable)
Stlth    +++++.....             (no amulet)
HPRegen  0.05/turn              (no ring)
MPRegen  0.09/turn              (no ring)

@: quick
A: very small, no armour, no weapons or thrown items, stealth, claws 1, fangs 3,
see invisible, speed 1, shaggy fur 1, sharp paws
a: no special abilities


You were on level 4 of the Dungeon.
You visited 1 branch of the dungeon, and saw 2 of its levels.

You collected 7 gold pieces.

Inventory:

Scrolls
 a - a scroll of fog
 f - a scroll of teleportation {unknown}
 g - a scroll of identify {unknown}
Potions
 b - a potion of berserk rage {unknown}


   Skills:
 - Level 3.0 Fighting
 - Level 2.6 Dodging
 + Level 9.3 Stealth
 - Level 2.0 Unarmed Combat


You had 2 spell levels left.
You didn't know any spells.
Your spell library was empty.

Dungeon Overview and Level Annotations

Branches:
Dungeon (5/15)
 Temple: D:4-7

Altars:
Vehumet

Portals:
Sewer: D:4

Annotations:
D:5 Prince Ribbit


Innate Abilities, Weirdness & Mutations

You cannot wear armour.
You are incapable of wielding weapons or throwing items.
Your paws allow you to move quietly. (Stealth)
You have sharp claws.
You have razor-sharp teeth.
You have supernaturally acute eyesight. (SInv)
You cover ground quickly.
You are covered in fur. (AC +1)
Your sharp claws are effective at attacking unaware monsters.


Message History

You closely miss the river rat.
The river rat is lightly wounded.
The river rat misses you.
You scratch the river rat.
The river rat is heavily wounded.
The river rat misses you.
You scratch the river rat.
The river rat is severely wounded.
The river rat bites you.
You barely miss the river rat.
The river rat is severely wounded.
The river rat bites you.
* * * LOW HITPOINT WARNING * * *
You closely miss the river rat. Your bite misses the river rat.
The river rat is severely wounded.
The river rat misses you.
You scratch the river rat but do no damage.
The river rat is severely wounded.
The river rat bites you.
You die...

#..######*****
#..# ###†.#
###....#
#≈.....#
#≈≈≈...#
#≈≈≈†..#
#r≈≈≈.##
#@≈≈≈≈#
#######


You could see a river rat.

Vanquished Creatures
  3 hounds
  An adder (D:4)
  A white imp (D:5)
  A ball python (D:4)
  2 rats (D:4)
8 creatures vanquished.

Notes
Turn   | Place    | Note
-------+----------+-------------------------------------------
     0 | D:5      | Descartes the Felid Delver began the quest for the Orb.
     0 | D:5      | Reached XP level 1. HP: 10/10 MP: 2/2
     3 | D:5      | Noticed Prince Ribbit
    42 | D:5      | Noticed a hound
    50 | D:5      | Killed a hound
    50 | D:5      | Reached skill level 7 in Stealth
    50 | D:5      | Reached XP level 2. HP: 14/14 MP: 3/3
    50 | D:5      | Reached XP level 3. HP: 17/17 MP: 4/4
   109 | D:5      | Reached skill level 8 in Stealth
   396 | D:5      | Found a radiant altar of Vehumet.
   421 | D:4      | Reached skill level 9 in Stealth
   421 | D:4      | Reached XP level 4. HP: 9/21 MP: 5/5
   424 | D:4      | Noticed an ogre
   463 | D:4      | Noticed a bullfrog
   504 | D:4      | Found a glowing drain.
   518 | D:4      | Slain by a river rat
   519 | D:4      | Reached XP level 3. HP: -2/17 MP: 4/4
   572 | D:4      | Slain by a river rat

Illustrated notes

Levels and vault maps discovered:
D:4:      kennysheep_six_static_rooms, layout_basic, nicolae_ru_path_of_blood,
          portal_sewer_entry_b, serial_shops, shop, st_stairs_13
D:5:      layout_basic, fiery_altar_vehumet, led_sif_pool,
          nicolae_overflow_hidden_temple, serial_shops, shop,
          uniq_prince_ribbit1

Skill      XL: |  1  2  3 |
---------------+----------+-----
Stealth        | 7 9 |  9.3
Fighting       | |  3.0
Dodging        | |  2.6
Unarmed Combat | |  2.0

Action                   |  1- 3 |  4- 6 || total
-------------------------+-------+-------++-------
Melee: Unarmed           |    37 |    13 ||    50
       Bite              |     4 |       ||     4
       Punch             |     1 |       ||     1
Evoke: Wand              |       |     3 ||     3
  Use: Scroll            |       |     2 ||     2
       Potion            |       |     1 ||     1
 Stab: Sleeping          |     2 |       ||     2
Armor: Skin              |     3 |     1 ||     4
Dodge: Dodged            |    38 |    14 ||    52

Table legend: (Time is in decaauts)
 A = Elapsed time spent in this place.
 B = Non-inter-level travel time spent in this place.
 C = Inter-level travel time spent in this place.
 D = Time resting spent in this place.
 E = Time spent auto-exploring this place.
 F = Levels seen in this place.
 G = Mean time per level.
                   A        B        C        D        E       F      G
               +--------+--------+--------+--------+--------+-----+--------+
         Total |    517 |    517 |      0 |    233 |      2 |   2 |  258.5 |
       Dungeon |    517 |    517 |      0 |    233 |      2 |   2 |  258.5 |
               +--------+--------+--------+--------+--------+-----+--------+

Top non-repeatable levels by time:
     D:5: 374 daAuts
     D:4: 143 daAuts
